AoeStats
← roccosisteini

MegaRandom

506337737Analyzed
2v2 RM · 20d ago on Sep 13, 2026· 64m 26s· 4 players
Game mode
Random Map
Map size
Medium (4 player)
Population
200
Speed
Normal
Resources
Standard
Victory
Conquest
Starting age
Dark Age
Ending age
Imperial Age
RankedLock teamsTeams togetherTeam positionsShared explorationLock speedFull tech treeHidden civsTurbo modeCheats
Victory
Defeat
🇷🇴 Huns · Romania
622
+17
🇫🇷 Bohemians · France
567
+26
🇨🇳 Bohemians · China
653
-25
🇨🇳 Britons · China
647
-18
roccosisteini
16:07 Feudal Age
18:09 Wheelbarrow
17:21 Loom
17:23 Town Watch
17:38 Horse Collar
18:16 Double-Bit Axe
26:11 Castle Age
27:41 Squires
27:28 Arson
31:54 Heavy Plow
32:15 Bow Saw
33:01 Fortified Wall
33:05 Masonry
33:03 Siphons
34:20 Scale Barding Armor
34:26 Forging
34:18 Scale Mail Armor
34:19 Padded Archer Armor
34:10 Fletching
33:46 Light Cavalry
36:13 Town Patrol
36:29 Hand Cart
38:21 Man-at-Arms
38:23 Pikeman
39:14 Husbandry
39:40 Chain Barding Armor
39:16 Bodkin Arrow
39:07 Treadmill Crane
39:19 Guard Tower
40:54 Wagenburg Tactics
45:28 Murder Holes
47:28 Ballistics
48:14 Chemistry
47:55 Iron Casting
48:31 Coinage
56:06 Imperial Age
57:45 Caravan
57:59 Guilds
58:21 Banking
60:06 Keep
59:53 Bombard Tower
59:19 Arrowslits
59:41 Siege Engineers
60:08 Architecture
59:59 Chain Mail Armor
62:38 Leather Archer Armor
62:24 Bracer
63:24 Blast Furnace
ionescu_andrei
11:11 Feudal Age
11:37 Horse Collar
12:29 Double-Bit Axe
17:36 Gold Mining
20:07 Castle Age
18:26 Stone Mining
19:55 Forging
19:49 Scale Mail Armor
19:54 Scale Barding Armor
24:09 Bow Saw
24:12 Squires
24:15 Elite Skirmisher
25:17 Pikeman
27:38 Heavy Plow
30:19 Arson
33:40 Imperial Age
31:44 Padded Archer Armor
31:39 Fletching
32:38 Chain Mail Armor
33:24 Leather Archer Armor
33:57 Iron Casting
34:23 Gold Shaft Mining
34:45 Bodkin Arrow
34:30 Halberdier
36:32 Chain Barding Armor
42:35 Blast Furnace
42:11 Plate Barding Armor
41:37 Bracer
41:40 Elite Tarkan
ksksdhsf
12:10 Feudal Age
12:59 Horse Collar
13:24 Double-Bit Axe
19:22 Loom
19:43 Padded Archer Armor
20:40 Wheelbarrow
22:38 Castle Age
22:41 Man-at-Arms
23:29 Heavy Plow
23:43 Bow Saw
24:09 Squires
23:57 Gambesons
25:32 Pikeman
26:01 Arson
27:02 Leather Archer Armor
27:54 Fletching
28:54 Gold Mining
28:55 Stone Mining
29:18 Murder Holes
32:54 Gold Shaft Mining
32:58 Yeomen
38:45 Imperial Age
37:21 Ballistics
41:49 Bodkin Arrow
42:25 Ring Archer Armor
43:02 Chemistry
42:56 Crossbowman
44:02 Caravan
43:31 Arbalester
46:12 Bracer
49:07 Halberdier
53:38 Conscription
55:50 Forging
55:41 Scale Mail Armor
59:55 Chain Mail Armor
60:15 Iron Casting
64:08 Plate Mail Armor
花鱼
13:03 Feudal Age
13:37 Feudal Age
15:15 Wheelbarrow
16:40 Double-Bit Axe
17:54 Horse Collar
25:37 Castle Age
27:31 Husbandry
29:02 Hand Cart
28:58 Squires
28:19 Pikeman
37:02 Imperial Age
39:07 Town Watch
40:03 Conscription
39:52 Cavalier
43:55 Elite Hussite Wagon
47:49 Wagenburg Tactics
52:46 Light Cavalry
Connection lost

Rejoining the realm…

Still unreachable

The connection could not be restored.

Session expired

The server has moved on; the page needs a fresh start.